 Dungeon Crawl Stone Soup version 0.31-a0-750-gfe7b580527 (webtiles) character file.

Game seed: 2344620277394377050

200 Aneyh the Poker (level 5, -1/28 HPs)
             Began as a Tengu Monk on Sept 14, 2023.
             Was a Believer of Hepliaklqana.
             Succumbed to an adder's poison
             ... on level 3 of the Dungeon.
             The game lasted 00:03:59 (3624 turns).

Aneyh the Poker (Tengu Monk)                        Turns: 3624, Time: 00:03:59

Health: -1/28      AC:  2    Str: 10 (13) XL:     5   Next: 78%
Magic:  6/6        EV: 12    Int:  8 (11) God:    Hepliaklqana [**....]
Gold:   138        SH:  4    Dex: 14 (16) Spells: 4/4 levels left

rFire   + . .        a - +0 spear
rCold   + . .        f - +0 buckler
rNeg    . . .        b - +0 robe
rPois   +            (helmet restricted)
rElec   +            (no cloak)
rCorr   +            (no gloves)
SInv    .            (boots unavailable)
Will    .....        (no amulet)
Stlth   +            (no ring)
HPRegen 0.24/turn    (no ring)
MPRegen 0.10/turn

%: acrobat
@: lethally poisoned (-1 -> -6), resistant
A: reduced essence, beak, talons 3, acrobatic
a: Renounce Religion, Recall Ancestor, Ancestor Identity


You were on level 3 of the Dungeon.
You worshipped Hepliaklqana.
Hepliaklqana was pleased with you.
You visited 1 branch of the dungeon, and saw 4 of its levels.

You collected 138 gold pieces.

Inventory:

Hand Weapons
 a - a +0 spear (weapon)
 c - a +0 halberd
Missiles
 k - 9 poisoned darts
Armour
 b - a +0 robe (worn)
 d - an orb of light
 f - a +0 buckler (worn)
Scrolls
 g - 2 scrolls of identify
 j - 2 scrolls of noise {unknown}
Potions
 e - 3 potions of curing {unknown}
 h - a potion of resistance
 i - 3 potions of brilliance


   Skills:
 - Level 3.0 Fighting
 + Level 6.2 Polearms
 - Level 3.2 Dodging
 * Level 2.3 Shields


You had 4 spell levels left.
You didn't know any spells.
Your spell library contained the following spells:

 Spells                   Type           Power      Damage    Failure   Level
 Freeze                   Ice            0%         1d3       54%         1
 Sandblast                Erth           0%         2d4       54%         1
 Passwall                 Tmut/Erth      0%         N/A       67%         2
 Frozen Ramparts          Ice            0%         1d1       88%         3
 Hailstorm                Conj/Ice       0%         3d3       88%         3
 Stone Arrow              Conj/Erth      0%         3d7       88%         3


Dungeon Overview and Level Annotations

Branches:
Dungeon (4/15)
 Temple: D:4-7

Altars:
Ashenzari
Hepliaklqana
Okawaru
Yredelemnul


Innate Abilities, Weirdness & Mutations

Your life essence is reduced to manifest your ancestor. (-10% HP)
You have a beak for a mouth.
You have claws for feet.
You can magically evade attacks while moving or waiting.


Message History

Arammadara is burned by acid!
You hit the adder. Your kick misses the adder.
The adder is lightly wounded.
You feel sick. The adder misses you.
You barely miss the adder. You claw the adder!
The adder is severely wounded.
You feel sick. The adder bites you.
You are more poisoned.
The adder poisons you!
Arammadara hits the jelly with a +0 flail!
The jelly dies!
You hit the adder but do no damage. Your peck misses the adder.
The adder is severely wounded.
You feel sick. The adder bites you.
You closely miss the adder. Your kick misses the adder.
The adder is severely wounded.
You feel sick. The adder bites you.
You hit the adder.
The adder is almost dead.
You feel sick. The adder barely misses you.
Arammadara closely misses the adder.
The adder bites you.
* * * LOW HITPOINT WARNING * * *
You are lethally poisoned!
The adder poisons you!
You miss the adder. Your kick misses the adder.
The adder is almost dead.
* * * LOW HITPOINT WARNING * * *
You feel sick. You block the adder's attack.
You hit the adder.
You kill the adder!
* * * LOW HITPOINT WARNING * * *
You feel sick.
It was a potion of resistance.
You feel protected.
* * * LOW HITPOINT WARNING * * *
You feel sick.
It was a potion of degeneration.
There was something very wrong with that liquid.
You feel weakened.
You feel dopey.
You feel clumsy.
You die...

.# #..........# #.....#######. .#
#..........# #.............
.###.......>..# #.#...........
..##........R.# #.#.###R#.#...
..##..........# #†#.....#.####
..............# #.#####.#.^...
.###..........# #.......#.#### .#
#....<.....##############.##..
.######........R@............##.#
........#######################.#
#######.# #...........#.# #.#
#.#########.#.# #.# #.# #.#.# #.#
#.# #.#.# #.###########.# ##.#R#
#.............# #....#
#############.# ######


You could see the friendly Arammadara the knight (corroded).

Vanquished Creatures
  2 gnolls
  4 adders
  A worm (D:3)
  2 dart slugs
  An orc (D:3)
  6 bats
  5 endoplasms
  2 giant cockroaches (D:2)
  5 goblins
  7 hobgoblins
  4 jackals (D:3)
  2 quokkas
  5 ball pythons
  5 frilled lizards
  4 kobolds
  7 rats
62 creatures vanquished.

Vanquished Creatures (collateral kills)
  A jelly (D:3)
  2 gnolls (D:3)
  2 adders (D:3)
  A ball python (D:3)
  2 endoplasms
  A giant cockroach (D:3)
  A kobold (D:2)
  A rat (D:2)
11 creatures vanquished.

Vanquished Creatures (others)
  A knight (D:4)
1 creature vanquished.

Grand Total: 74 creatures vanquished

Notes
Turn   | Place    | Note
-------+----------+-------------------------------------------
     0 | D:1      | Aneyh the Tengu Monk began the quest for the Orb.
     0 | D:1      | Reached XP level 1. HP: 14/14 MP: 2/2
   163 | D:1      | Reached XP level 2. HP: 19/19 MP: 3/3
   232 | D:1      | Reached skill level 4 in Polearms
   351 | D:1      | Reached XP level 3. HP: 15/23 MP: 4/4
   601 | D:1      | Reached skill level 1 in Shields
   829 | D:2      | Found a faded altar of an unknown god.
   943 | D:2      | Found a hazy altar of Hepliaklqana.
   999 | D:2      | Became a worshipper of Hepliaklqana the Forgotten
   999 | D:2      | Reached * piety under Hepliaklqana
   999 | D:2      | Reached ** piety under Hepliaklqana
  1000 | D:2      | Remembered your ancestor Arammadara as a knight
  1132 | D:2      | Reached XP level 4. HP: 25/25 MP: 5/5
  1296 | D:2      | Reached skill level 5 in Polearms
  1756 | D:3      | Reached XP level 5. HP: 28/28 MP: 6/6
  1913 | D:3      | Found an iron altar of Okawaru.
  2249 | D:3      | Found a broken altar of Ashenzari.
  2256 | D:3      | Found a basalt altar of Yredelemnul.
  3613 | D:3      | Reached skill level 6 in Polearms
  3623 | D:3      | HP: 1/28 [poisoned by an adder]
  3624 | D:3      | Succumbed to an adder's poison

Illustrated notes

Levels and vault maps discovered:
D:1:      dpeg_arrival_tiny_a, layout_loops_cross, minmay_misc_feat_five
D:2:      layout_basic, basic_altar, ebering_ecumenical_altar_ruins,
          kennysheep_doodads
D:3:      layout_basic, chequers_temple_overflow_statue_of_worship,
          overflow_temple_1_default
D:4:      layout_rooms, guppyfry_early_lair_pool

Skill      XL: |  1  2  3  4  5 |
---------------+----------------+-----
Polearms       | 4 5 6 |  6.2
Shields        | 1 2 |  2.3
Fighting       | |  3.0
Dodging        | |  3.2

Action                     |  1- 3 |  4- 6 || total
---------------------------+-------+-------++-------
  Melee: Spear             |    82 |   107 ||   189
         Kick              |    11 |    25 ||    36
         Peck              |     6 |    14 ||    20
 Invoke: Ancestor Life: Kn |     1 |       ||     1
         Recall Ancestor   |       |     1 ||     1
    Use: Potion            |       |     3 ||     3
         Scroll            |       |     3 ||     3
   Stab: Sleeping          |     4 |     1 ||     5
 Armour: Robe              |    24 |    40 ||    64
  Dodge: Dodged            |    30 |    47 ||    77
  Block: Buckler           |    12 |    15 ||    27

Table legend: (Time is in decaauts)
 A = Elapsed time spent in this place.
 B = Non-inter-level travel time spent in this place.
 C = Inter-level travel time spent in this place.
 D = Time resting spent in this place.
 E = Time spent auto-exploring this place.
 F = Levels seen in this place.
 G = Mean time per level.
                   A        B        C        D        E       F      G
               +--------+--------+--------+--------+--------+-----+--------+
         Total |   3609 |   3480 |    129 |   1086 |   1922 |   4 |  902.2 |
       Dungeon |   3609 |   3480 |    129 |   1086 |   1922 |   4 |  902.2 |
               +--------+--------+--------+--------+--------+-----+--------+

Top non-repeatable levels by time:
     D:3: 1802 daAuts
     D:2: 902 daAuts
     D:1: 825 daAuts
     D:4: 78 daAuts
